 Dungeon Crawl Stone Soup version 0.31-a0-889-g1a8549509d (webtiles) character file.

Game seed: 10325869214980805393

1206 Dordric the Mimic (level 8, -8/52 HPs)
             Began as a Djinni Shapeshifter on Oct 17, 2023.
             Was an Elder of Cheibriados.
             Mangled by a two-headed ogre
             ... wielding a +0 giant club
              (31 damage)
             ... on level 6 of the Dungeon.
             The game lasted 00:06:51 (5082 turns).

Dordric the Mimic (Djinni Shapeshifter)             Turns: 5082, Time: 00:06:51

Health: -8/52      AC:  8    Str: 22    XL:     8   Next: 73%
Gold:   225        EV: 12    Int: 17    God:    Cheibriados [****..] SH:  0 Dex: 21

rFire   + + .        b - melded +3 dagger
rCold   + + +        r - melded orb {*Rage}
rNeg    + . .        B - +4 leather armour of the Armoured One {rC+++ rN+ Int-3 Stlth+}
rPois   ∞            (no helmet)
rElec   .            i - +0 cloak
rCorr   .            (no gloves)
SInv    .            (boots unavailable)
Will    .....        (no amulet)
Stlth   +            y - ring of protection from cold
HPRegen 0.28/turn    g - ring of wizardry
MPRegen 0.00/turn

%: wizardry (x1), infuse magic (-9 HP)
@: flux-form, flying, glowing, very slow
A: glow, contaminating, flying, sickness immunity, fire resistance 2, cold
vulnerability 1, float, innate caster, HP casting, extra vitality 1, clumsy 1,
dopey 1, noise suppression
a: Begin Untransformation, Renounce Religion, Bend Time, Temporal Distortion,
Slouch


You were on level 6 of the Dungeon.
You worshipped Cheibriados.
Cheibriados was greatly pleased with you.
You were something dangerously unstable.
You visited 1 branch of the dungeon, and saw 6 of its levels.

You collected 225 gold pieces.

Inventory:

Hand Weapons
 b - a +3 dagger (melded)
Armour
 a - a +0 animal skin
 i - a +0 cloak (worn)
 m - a +0 scale mail
 r - an orb of wrath (melded)
 u - a +0 leather armour
 v - a +0 ring mail
 B - the +4 leather armour of the Armoured One (worn) {rC+++ rN+ Int-3 Stlth+}
   (You found it on level 5 of the Dungeon)

   Int-3:     It affects your intelligence (-3).
   rC+++:     It renders you almost immune to cold.
   rN+:       It protects you from negative energy.
   Stlth+:    It makes you more stealthy.
Jewellery
 g - a ring of wizardry (right hand)
 j - a +6 ring of dexterity
 y - a ring of protection from cold (left hand)
Talismans
 c - a beast talisman
 d - a flux talisman (active)
Scrolls
 e - a scroll of teleportation
 h - a scroll of noise {unknown}
 l - 2 scrolls of identify
 p - a scroll of blinking {unknown}
 s - a scroll of revelation {unknown}
 t - a scroll of fear {unknown}
 A - a scroll of brand weapon {unknown}
Potions
 f - a potion of heal wounds {unknown}
 k - 2 potions of curing
 n - a potion of might {unknown}
 o - a potion of brilliance {unknown}
 q - 2 potions of haste {unknown}
 w - a potion of ambrosia {unknown}
 x - 2 potions of berserk rage {unknown}
 z - 2 potions of lignification


   Skills:
 - Level 1.0 Fighting
 - Level 2.1 Dodging
 - Level 3.0 Unarmed Combat
 + Level 8.8 Shapeshifting


You knew the following spells:

 Your Spells              Type           Power      Damage    Failure   Level
a - Kiss of Death         Conj/Necr      0%         2d5       11%         1
b - Searing Ray           Conj           0%         2d4       16%         2
c - Passwall              Tmut/Erth      0%         N/A       16%         2
Your spell library was empty.

Dungeon Overview and Level Annotations

Branches:
Dungeon (6/15)
 Temple: D:4-7

Altars:
Cheibriados
Nemelex Xobeh


Innate Abilities, Weirdness & Mutations

You are something dangerously unstable.
You glow with magical radiation, making you easy to see and hit.
Foes you strike become dangerously contaminated with magical radiation.
You are flying.
You are incapable of wielding weapons or throwing items.
You are immune to sickness and miasma.
You are immune to poison.
Your flesh is very heat resistant. (rF++)
You are vulnerable to cold. (rC-)
You float through the air rather than walking.
You learn spells naturally, not from books.
Your magical power is your life essence.
You have superior vitality. (+4 MHP)
You are clumsy. (Dex -2)
You are dopey. (Int -2)
You passively dampen the noise of your surroundings.


Message History

You finish putting on the +4 leather armour of the Armoured One {rC+++ rN+ Int-3 Stlth+}.
You feel stupid.
There is an open door here.
There is a stone staircase leading up here.
You see here a staff of death.
Found 5 stones.
You see here 5 stones.
Found a leather armour.
Found a leather armour.
No target in view!
Done exploring.
Done exploring.
Done exploring.
Done exploring.
No target in view!
There is a stone staircase leading down here.
You fly downwards.
You hear the sound of rushing water.
There is an entrance to a sewer on this level.
Hurry and find it before the portal rusts away!
Found 16 gold pieces.
There is a stone staircase leading up here.
An adder is nearby!
An adder is nearby!
An adder is nearby!
A two-headed ogre comes into view.
It is wielding a +0 giant club and a +0 giant spiked club.
The adder hisses angrily.
The two-headed ogre shouts in stereo!
A hound comes into view.
The adder barely misses you. The adder misses you.
You barely miss the two-headed ogre. The adder barely misses you.
The two-headed ogre hits you with a +0 giant club!
The two-headed ogre completely misses you.
You hit the two-headed ogre but do no damage.
The two-headed ogre begins to glow.
The adder bites you but does no damage. x2
The two-headed ogre misses you.
The two-headed ogre hits you with a +0 giant spiked club.
The two-headed ogre attacks as it pursues you!
The two-headed ogre hits you with a +0 giant club!
The two-headed ogre hits you with a +0 giant spiked club!!
Ouch! That really hurt!
You die...

#..... ...
#.#..# #.#
#.#..#...#
#.#..#...#.
#.#........
#.#........
####.#........
#....Oh..$....
#.##pS###...#.
#..# ..# #....
... ##.### ##
#.# #.# #.# ..


You could see a two-headed ogre (contam), a hound and an adder.

Vanquished Creatures
  Grinder (D:3)
  Eustachio (D:5)
  Edmund (D:4)
  A water moccasin (D:5)
  2 phantoms
  A scorpion (D:5)
  A hound (D:4)
  2 jellies
  3 orc priests
  An iguana (D:5)
  Jessica (D:3)
  3 orc wizards
  6 adders
  A white imp (D:5)
  A worm (D:5)
  2 dart slugs (D:1)
  4 orcs (D:3)
  7 bats
  5 endoplasms
  2 giant cockroaches
  8 goblins
  6 hobgoblins
  4 jackals (D:5)
  12 kobolds
  3 quokkas
  6 ball pythons
  4 frilled lizards
  4 rats (D:2)
93 creatures vanquished.

Notes
Turn   | Place    | Note
-------+----------+-------------------------------------------
     0 | D:1      | Dordric the Djinni Shapeshifter began the quest for the
                  | Orb.
     0 | D:1      | Reached XP level 1. HP: 17/17 MP: 0/0
   108 | D:1      | Reached skill level 3 in Shapeshifting
   116 | D:1      | Found a faded altar of an unknown god.
   121 | D:1      | Reached XP level 2. HP: 19/22 MP: 0/0
   212 | D:1      | Prayed at the altar of an unknown god.
   212 | D:1      | Became a worshipper of Cheibriados the Contemplative
   212 | D:1      | Reached * piety under Cheibriados
   413 | D:1      | Reached XP level 3. HP: 27/27 MP: 0/0
   413 | D:1      | Learned a level 1 spell: Kiss of Death
   466 | D:1      | Gained mutation: You are clumsy. (Dex -2) [potion of
                  | mutation]
   466 | D:1      | Gained mutation: You passively dampen the noise of your
                  | surroundings. [potion of mutation]
   466 | D:1      | Gained mutation: You are dopey. (Int -2) [potion of
                  | mutation]
   717 | D:2      | Identified the +0 spear of Victory {antimagic, rC++ rCorr
                  | Str-3}
   888 | D:2      | Reached ** piety under Cheibriados
  1093 | D:2      | Reached skill level 4 in Shapeshifting
  1093 | D:2      | Reached XP level 4. HP: 8/26 MP: 0/0
  1787 | D:3      | Noticed Jessica
  1791 | D:3      | Killed Jessica
  1792 | D:3      | Reached XP level 5. HP: 23/37 MP: 0/0
  1792 | D:3      | Learned a level 2 spell: Searing Ray
  1848 | D:3      | Noticed a phantom
  1854 | D:3      | Reached *** piety under Cheibriados
  1861 | D:3      | Killed a phantom
  1862 | D:3      | Reached skill level 5 in Shapeshifting
  1900 | D:3      | Reached XP level 6. HP: 13/42 MP: 0/0
  2469 | D:3      | Found a sparkling altar of Nemelex Xobeh.
  2515 | D:3      | Noticed Grinder
  2539 | D:3      | HP: 2/63 [Grinder (5)]
  2541 | D:3      | Killed Grinder
  2542 | D:3      | Reached skill level 6 in Shapeshifting
  2542 | D:3      | Reached XP level 7. HP: 3/47 MP: 0/0
  2542 | D:3      | Learned a level 2 spell: Passwall
  3331 | D:4      | Reached skill level 7 in Shapeshifting
  3391 | D:4      | Noticed Edmund
  3402 | D:4      | Killed Edmund
  3519 | D:4      | Reached XP level 8. HP: 46/52 MP: 0/0
  3805 | D:4      | Reached **** piety under Cheibriados
  3939 | D:5      | Entered Level 5 of the Dungeon
  3981 | D:5      | Noticed Eustachio
  4039 | D:5      | Killed Eustachio
  4040 | D:5      | Reached skill level 8 in Shapeshifting
  4850 | D:5      | Identified the +4 leather armour of the Armoured One {rC+++
                  | rN+ Int-3 Stlth+}
  5077 | D:6      | Noticed a two-headed ogre
  5082 | D:6      | Mangled by a two-headed ogre

Illustrated notes

Levels and vault maps discovered:
D:1:      scummos_arrival_simple_fountains, layout_rooms,
          hellmonk_ecumenical_altar_lost_god
D:2:      layout_basic
D:3:      layout_loops_ring, nemelex_diamond_rough_becter, minmay_crystal_room,
          uniq_grinder, uniq_jessica
D:4:      layout_gridville, serial_bayou_crossing, uniq_edmund
D:5:      layout_basic, uniq_eustachio
D:6:      layout_loops_ring, cheibrodos_sewer_entry_drain,
          uniq_crazy_yiuf_cottage

Skill      XL: |  1  2  3  4  5  6  7  8 |
---------------+-------------------------+-----
Shapeshifting  | 3 4 5 6 7 8 |  8.8
Fighting       | |  1.0
Dodging        | |  2.1
Unarmed Combat | |  3.0

Action                     |  1- 3 |  4- 6 |  7- 9 || total
---------------------------+-------+-------+-------++-------
  Melee: Unarmed           |    95 |    64 |   153 ||   312
         Spear             |     2 |       |       ||     2
         Punch             |     1 |       |       ||     1
         Dagger            |       |       |    19 ||    19
   Cast: Kiss of Death     |     2 |       |       ||     2
         Searing Ray       |       |     9 |     5 ||    14
    Use: Scroll            |     4 |       |       ||     4
         Potion            |     1 |     4 |     1 ||     6
   Stab: Sleeping          |     5 |     1 |       ||     6
 Armour: Animal skin       |    56 |     5 |       ||    61
         Scale mail        |       |    25 |   134 ||   159
         Skin              |       |     5 |       ||     5
         Leather armour    |       |     4 |    15 ||    19
  Dodge: Dodged            |    85 |    25 |   116 ||   226
   Form: Flux              |       |       |     1 ||     1

Table legend: (Time is in decaauts)
 A = Elapsed time spent in this place.
 B = Non-inter-level travel time spent in this place.
 C = Inter-level travel time spent in this place.
 D = Time resting spent in this place.
 E = Time spent auto-exploring this place.
 F = Levels seen in this place.
 G = Mean time per level.
                   A        B        C        D        E       F      G
               +--------+--------+--------+--------+--------+-----+--------+
         Total |   6881 |   6478 |    403 |    712 |   4769 |   6 | 1146.8 |
       Dungeon |   6881 |   6478 |    403 |    712 |   4769 |   6 | 1146.8 |
               +--------+--------+--------+--------+--------+-----+--------+

Top non-repeatable levels by time:
     D:3: 1752 daAuts
     D:5: 1613 daAuts
     D:4: 1425 daAuts
     D:2: 1294 daAuts
     D:1: 787 daAuts
     D:6: 7 daAuts
